 Dungeon Crawl Stone Soup version 0.19.1 (webtiles) character file.

63 Krapule the Caller (level 3, -3/26 HPs)
             Began as a Mummy Summoner on Dec 5, 2016.
             Slain by an adder (5 damage)
             ... on level 3 of the Dungeon.
             The game lasted 00:10:09 (3463 turns).

Krapule the Caller (Mummy Summoner)                 Turns: 3463, Time: 00:10:10

Health: -3/26      AC:  2    Str: 11    XL:     3   Next: 87%
Magic:  4/6        EV: 12    Int: 15    God:
Gold:   69         SH:  0    Dex: 12    Spells: 2 memorised, 4 levels left

rFire  x . .     SeeInvis .     c - +0 club
rCold  + . .     Gourm    .     a - +0 robe
rNeg   + + +     Faith    .     (no shield)
rPois  ∞         Spirit   .     (no helmet)
rElec  .         Reflect  .     (no cloak)
rCorr  .         Harm     .     (no gloves)
MR     .....                    (no boots)
Stlth  ++........               (no amulet)
                                (no ring)
                                d - ring of wizardry

@: no status effects
A: no food or potions, fire vulnerability, cold resistance 1, negative energy
resistance 3, torment resistance, unbreathing
a: no special abilities


You were on level 3 of the Dungeon.
You were not hungry.

You visited 1 branch of the dungeon, and saw 3 of its levels.

You collected 69 gold pieces.

Inventory:

Hand Weapons
 c - a +0 club (weapon)
Armour
 a - a +0 robe (worn)
Jewellery
 d - a ring of wizardry (left hand)
 f - an uncursed ring of protection from magic {unknown}
Scrolls
 e - a scroll of identify {unknown}
 g - a scroll of teleportation {unknown}
 h - a scroll of enchant armour {unknown}
Books
 b - a book of Callings

   Spells                             Type                      Level
   a - Summon Small Mammal            Summoning                    1
   b - Call Imp                       Summoning                    2
   c - Call Canine Familiar           Summoning                    3
   d - Summon Guardian Golem          Hexes/Summoning              3
   e - Summon Lightning Spire         Summoning/Air                4
   f - Summon Ice Beast               Ice/Summoning                4


   Skills:
 + Level 1.1 Fighting
 + Level 2.4 Dodging
 + Level 1.9 Stealth
 + Level 2.6 Spellcasting
 + Level 3.4 Summonings


You had 4 spell levels left.
You knew the following spells:

 Your Spells              Type           Power        Failure   Level  Hunger
a - Summon Small Mammal   Summ           ##..         2%          1    N/A
z - Call Imp              Summ           ##......     4%          2    N/A

Dungeon Overview and Level Annotations

Branches:
Dungeon (3/15)

Altars:
Dithmenos
Hepliaklqana
Makhleb


Innate Abilities, Weirdness & Mutations

You do not eat or drink.
Your flesh is vulnerable to fire.
You are immune to poison.
Your flesh is cold resistant. (rC+)
You are immune to negative energy. (rN+++)
You are immune to unholy pain and torment.
You can survive without breathing.


Message History

The adder misses you.
Your crimson imp misses the adder.
You barely miss the adder.
The adder is almost dead.
The adder bites you.
* * * LOW HITPOINT WARNING * * *
Your crimson imp completely misses the adder.
The adder closely misses you.
You hit the adder but do no damage.
The adder is almost dead.
The adder closely misses you.
Your crimson imp closely misses the adder.
Your crimson imp completely misses the adder.
The adder barely misses you.
You swap places.
Your crimson imp blinks!
Your crimson imp closely misses the adder.
Your crimson imp blinks!
Your crimson imp closely misses the adder.
The adder bites you.
You die...

#######.#.#.#.#.. #
..............†.. #.
#.#####.#.######. #.# #.#
##'#.# #( ## #.### #.#
##....######. #.###.%#
#.###............
#.#.#.###.##....>..######
###.#...##.#?........####.
........S@.'..............
####.55####....#######...
#.........##...# ### #..#
#.†)..###.###..# #####.##
#.§#### # ##...+_'...##
#..######.# .###'###.##
#.........# #.# #.# #.##
##.######## #.###.###.##
#.# #.........##


You could see an adder and 2 friendly crimson imps.

Vanquished Creatures
  2 giant cockroaches (D:2)
  4 goblins
  A hobgoblin (D:1)
  A jackal (D:1)
  A kobold (D:3)
  2 bats (D:1)
  3 rats
14 creatures vanquished.

Vanquished Creatures (collateral kills)
  2 adders
  An ooze (D:2)
  2 worms
  A dart slug (D:2)
  A leopard gecko (D:2)
  A giant cockroach (D:2)
  4 goblins
  3 hobgoblins (D:1)
  6 jackals
  A ball python (D:2)
  3 bats
  A frilled lizard (D:1)
  8 kobolds
  3 rats
37 creatures vanquished.

Grand Total: 51 creatures vanquished

Notes
Turn   | Place    | Note
-------+----------+-------------------------------------------
     0 | D:1      | Krapule the Mummy Summoner began the quest for the Orb.
     0 | D:1      | Reached XP level 1. HP: 13/13 MP: 3/3
   669 | D:1      | Reached XP level 2. HP: 15/20 MP: 0/5
   719 | D:1      | Learned a level 2 spell: Call Imp
  1463 | D:1      | Reached skill level 1 in Fighting
  2017 | D:2      | Found a burning altar of Makhleb.
  2020 | D:2      | Reached XP level 3. HP: 24/26 MP: 3/6
  2331 | D:2      | Found a hazy altar of Hepliaklqana.
  3249 | D:3      | Found a shadowy altar of Dithmenos.
  3463 | D:3      | Slain by an adder

Skill      XL: |  1  2 |
---------------+-------+-----
Fighting       | 1 |  1.1
Dodging        | 2 |  2.4
Stealth        | |  1.9
Spellcasting   | |  2.6
Summonings     | |  3.4

Action                   || total
-------------------------++-------
Melee: Club              ||   108
       Unarmed           ||     3
 Cast: Summon Small Mamm ||    28
       Call Imp          ||    29
 Stab: Sleeping          ||    10
Armor: Robe              ||    26
Dodge: Dodged            ||   124
